AoeStats
← 小桦

Arena

509553594Analyzed
4v4 RM · 5d ago on Sep 27, 2026· 42m 54s· 8 players
Game mode
Random Map
Map size
Large (8 player)
Population
200
Speed
Normal
Resources
Standard
Victory
Conquest
Starting age
Dark Age
Ending age
Imperial Age
RankedLock teamsTeams togetherTeam positionsShared explorationLock speedFull tech treeHidden civsTurbo modeCheats
Victory
Defeat
🇨🇳 Bengalis · China
1464
+10
🇨🇳 Bulgarians · China
1413
+12
🇨🇳 Turks · China
1258
+18
🇨🇳 Huns · China
1158
+23
🇨🇳 Varangians · China
1446
-21
🇺🇸 Persians · United States
1371
-18
🇨🇳 Danes · China
1237
-12
1222
-12
小桦
10:10 Feudal Age
11:33 Double-Bit Axe
14:04 Castle Age
12:00 Horse Collar
15:11 Bow Saw
16:05 Wheelbarrow
22:21 Scale Barding Armor
22:26 Forging
22:35 Hand Cart
22:54 Bloodlines
23:18 Husbandry
23:50 Gold Mining
24:44 Chain Barding Armor
25:46 Husbandry
26:50 Heavy Plow
28:12 Iron Casting
26:58 Light Cavalry
27:35 Fletching
28:08 Loom
28:09 Town Watch
31:22 Imperial Age
29:27 Scale Mail Armor
29:22 Bodkin Arrow
29:30 Padded Archer Armor
29:01 Pikeman
29:42 Squires
30:41 Chain Mail Armor
30:55 Ballistics
32:50 Plate Barding Armor
33:16 Blast Furnace
32:49 Plate Mail Armor
33:23 Blast Furnace
31:45 Halberdier
31:54 Cavalier
33:55 Two-Man Saw
35:13 Plate Barding Armor
34:38 Bracer
插标卖首之徒
10:26 Feudal Age
11:29 Double-Bit Axe
14:21 Castle Age
12:42 Double-Bit Axe
15:07 Bow Saw
16:22 Horse Collar
18:02 Wheelbarrow
20:37 Stone Mining
20:41 Gold Mining
22:46 Hand Cart
25:06 Loom
25:58 Town Watch
29:03 Imperial Age
26:49 Forging
27:25 Gold Shaft Mining
26:43 Stone Mining
27:33 Scale Barding Armor
28:19 Iron Casting
28:25 Bloodlines
28:15 Husbandry
28:49 Chain Barding Armor
28:46 Cavalier
31:20 Blast Furnace
31:31 Gambesons
传奇耐电王汤恩伯
10:44 Feudal Age
17:47 Castle Age
16:39 Double-Bit Axe
27:16 Gold Mining
27:39 Fortified Wall
27:42 Loom
30:01 Bow Saw
29:33 Horse Collar
33:33 Imperial Age
34:15 Gold Shaft Mining
33:43 Heavy Plow
34:24 Arrowslits
34:29 Guard Tower
36:25 Chemistry
35:46 Ballistics
34:50 Onager
无花果
11:02 Feudal Age
14:48 Castle Age
12:46 Double-Bit Axe
16:01 Bow Saw
19:55 Gold Mining
20:01 Horse Collar
21:06 Wheelbarrow
21:15 Loom
22:09 Gold Shaft Mining
21:55 Heavy Plow
22:02 Fletching
22:16 Padded Archer Armor
23:18 Thumb Ring
23:55 Bloodlines
23:45 Husbandry
24:44 Bodkin Arrow
27:25 Stone Mining
28:44 Hand Cart
28:15 Town Watch
29:51 Stone Shaft Mining
31:11 Leather Archer Armor
_TY_梦涯
10:36 Feudal Age
11:46 Double-Bit Axe
14:31 Castle Age
12:20 Horse Collar
13:49 Wheelbarrow
15:27 Bow Saw
15:18 Heavy Plow
21:30 Gold Mining
22:30 Hand Cart
24:11 Gold Shaft Mining
26:41 Imperial Age
24:52 Scale Mail Armor
25:03 Forging
24:47 Loom
25:14 Stone Mining
26:44 Chain Mail Armor
27:04 Iron Casting
27:09 Squires
26:55 Gambesons
28:01 Plate Mail Armor
26:56 Capped Ram
27:11 Pikeman
27:36 Arson
27:49 Siege Ram
30:37 Blast Furnace
28:59 Halberdier
33:55 Town Watch
37:01 Onager
38:14 Murder Holes
38:26 Siege Engineers
38:11 Heated Shot
38:22 Murder Holes
39:28 Chemistry
38:19 Heated Shot
39:32 Stone Shaft Mining
38:34 Siege Onager
_TY_品味
11:16 Feudal Age
15:30 Castle Age
13:30 Horse Collar
14:05 Double-Bit Axe
17:04 Bow Saw
21:37 Wheelbarrow
26:37 Imperial Age
24:11 Gold Mining
25:00 Hand Cart
26:55 Padded Archer Armor
26:45 Fletching
26:37 Heavy Cavalry Archer
28:37 Chemistry
27:59 Ballistics
27:51 Husbandry
28:18 Bloodlines
28:53 Parthian Tactics
29:02 Bodkin Arrow
29:23 Leather Archer Armor
29:52 Bracer
30:26 Loom
30:52 Thumb Ring
32:15 Gold Shaft Mining
qw75985
10:30 Feudal Age
14:00 Castle Age
12:14 Horse Collar
12:23 Double-Bit Axe
16:14 Bow Saw
19:45 Wheelbarrow
22:50 Hand Cart
27:18 Imperial Age
24:41 Town Watch
24:43 Loom
24:51 Gold Mining
24:42 Horse Collar
25:48 Heavy Plow
25:55 Scale Barding Armor
26:48 Chain Barding Armor
27:30 Gold Shaft Mining
27:19 Bloodlines
27:09 Husbandry
27:40 Forging
28:41 Plate Barding Armor
28:40 Elite Battle Elephant
30:07 Iron Casting
30:11 Conscription
31:49 Blast Furnace
31:21 Coinage
31:15 Mahayana
33:33 Banking
33:23 Fletching
33:54 Ballistics
36:30 Guilds
36:22 Caravan
37:54 Chemistry
37:00 Siege Engineers
36:57 Scale Mail Armor
36:58 Padded Archer Armor
38:07 Two-Man Saw
37:37 Crop Rotation
36:59 Stone Mining
37:07 Bodkin Arrow
38:27 Bracer
38:43 Leather Archer Armor
38:41 Masonry
38:48 Chain Mail Armor
40:42 Siege Engineers
41:07 Architecture
40:34 Murder Holes
41:03 Redemption
41:32 Block Printing
42:14 Chain Mail Armor
42:29 Ring Archer Armor
41:22 Pikeman
42:03 Squires
41:48 Gambesons
41:49 Arson
42:37 Sanctity
43:06 Theocracy
胡乱敲键盘
11:17 Feudal Age
12:54 Double-Bit Axe
15:27 Castle Age
19:59 Imperial Age
18:30 Bow Saw
28:20 Gold Mining
Connection lost

Rejoining the realm…

Still unreachable

The connection could not be restored.

Session expired

The server has moved on; the page needs a fresh start.